 Dungeon Crawl Stone Soup version 0.19.3-4-gbf9329e (webtiles) character file.

45005 borkbork the Severer (level 13, -9/124 HPs)
             Began as a Minotaur Gladiator on Jan 29, 2017.
             Was an Elder of Uskayaw.
             Mangled by a tyrant leech (27 damage)
             ... on level 4 of the Lair of Beasts.
             The game lasted 02:06:29 (19843 turns).

borkbork the Severer (Minotaur Gladiator)          Turns: 19843, Time: 02:06:29

Health: -9/124     AC: 13    Str: 22    XL:     13   Next: 99%
Magic:  12/12      EV: 20    Int:  5    God:    Uskayaw [****..]
Gold:   964        SH:  0    Dex: 14    Spells: 0 memorised, 12 levels left

rFire  + . .     SeeInvis .     x - +1 executioner's axe (drain)
rCold  . . .     Gourm    .     J - +3 mottled dragon scales
rNeg   . . .     Faith    .     (shield currently unavailable)
rPois  .         Spirit   .     n - +1 hat
rElec  .         Reflect  .     (no cloak)
rCorr  .         Harm     .     (no gloves)
MR     .....                    u - +0 pair of boots
Stlth  +++.......               (no amulet)
                                S - ring of protection from fire
                                e - +4 ring of evasion

@: no status effects
A: retaliatory headbutt, horns 2
a: Stomp, Line Pass, Renounce Religion


You were on level 4 of the Lair of Beasts.
You worshipped Uskayaw.
Uskayaw was noncommittal.
You were not hungry.

You visited 4 branches of the dungeon, and saw 19 of its levels.
You also visited: Labyrinth and Sewer.

You collected 1324 gold pieces.
You spent 360 gold pieces at shops.

Inventory:

Hand Weapons
 c - a +0 blowgun
 q - a +6 war axe of freezing
 s - a +0 hand crossbow
 t - the +7 rapier of the Harvest {holy, Str+4}
   (You found it on level 4 of the Dungeon)

   It has been blessed by the Shining One to cause great damage to the undead
   and demons.
   It affects your strength (+4).
 x - a +1 executioner's axe of draining (weapon)
Missiles
 f - 10 curare-tipped needles
 k - 16 poisoned needles
 p - 564 stones (quivered)
 y - 50 bolts
 U - 3 needles of confusion
Armour
 n - a +1 hat (worn)
 u - a +0 pair of boots (worn)
 J - +3 mottled dragon scales (worn)
 R - a +0 buckler
Rods
 Y - a +4 iron rod (14/14)
   (You found it in a labyrinth)
Jewellery
 d - an uncursed amulet of harm
 e - a +4 ring of evasion (left hand)
 P - an uncursed ring of flight
 S - a ring of protection from fire (right hand)
 W - an uncursed ring of wizardry
Wands
 b - a wand of paralysis (10/24)
 l - a wand of polymorph (7/24)
 F - a wand of random effects (3/48)
 O - a wand of disintegration (8/24)
 Z - a wand of polymorph (8/24)
Scrolls
 r - 11 scrolls of remove curse
 B - a scroll of fog
 I - 4 scrolls of amnesia
 L - a scroll of immolation
 V - a scroll of magic mapping
Potions
 z - a potion of beneficial mutation {unknown}
 A - 2 potions of flight
 C - 2 potions of brilliance {unknown}
Books
 j - Lehudib's Catalogue of Axaxaxas mlö
   (You found it on level 11 of the Dungeon)

   Spells                             Type                      Level
   a - Leda's Liquefaction            Hexes/Earth                  4
   b - Iskenderun's Battlesphere      Conjuration/Charms           5
 o - the Tome of Sand
   (You found it on level 11 of the Dungeon)

   Spells                             Type                      Level
   a - Sting                          Conjuration/Poison           1
   b - Alistair's Intoxication        Transmutation/Poison         5
 v - a book of Frost

   Spells                             Type                      Level
   a - Freeze                         Ice                          1
   b - Throw Frost                    Conjuration/Ice              2
   c - Ozocubu's Armour               Charms/Ice                   3
   d - Throw Icicle                   Conjuration/Ice              4
   e - Summon Ice Beast               Ice/Summoning                4
 E - the Compendium of Dhcmrlchtdj
   (You found it on level 11 of the Dungeon)

   Spells                             Type                      Level
   a - Infusion                       Charms                       1
   b - Iskenderun's Battlesphere      Conjuration/Charms           5
 G - a book of Fire

   Spells                             Type                      Level
   a - Ignite Poison                  Fire/Transmutation/Poison    3
   b - Fireball                       Conjuration/Fire             5
   c - Bolt of Fire                   Conjuration/Fire             6
   d - Delayed Fireball               Conjuration/Fire             7
   e - Ring of Flames                 Charms/Fire                  7
 M - a book of Misfortune

   Spells                             Type                      Level
   a - Confusing Touch                Hexes                        1
   b - Confuse                        Hexes                        3
   c - Gell's Gravitas                Hexes/Translocation          3
   d - Petrify                        Transmutation/Earth          4
   e - Metabolic Englaciation         Hexes/Ice                    5
   f - Yara's Violent Unravelling     Hexes/Transmutation          5
 N - the Incunabulum of Aerial Flames
   (You found it in a labyrinth)

   Spells                             Type                      Level
   a - Ignite Poison                  Fire/Transmutation/Poison    3
   b - Airstrike                      Air                          4
   c - Bolt of Magma                  Conjuration/Fire/Earth       5
 Q - a book of Alchemy

   Spells                             Type                      Level
   a - Sublimation of Blood           Necromancy                   2
   b - Ignite Poison                  Fire/Transmutation/Poison    3
   c - Petrify                        Transmutation/Earth          4
   d - Alistair's Intoxication        Transmutation/Poison         5
   e - Irradiate                      Conjuration/Transmutation    5
Miscellaneous
 a - a sack of spiders
Comestibles
 g - 21 fruits
 h - a chunk of flesh
 i - 2 royal jellies
 H - 7 meat rations
 K - 8 slices of pizza
 T - 2 bread rations
 X - 2 beef jerkies


   Skills:
 - Level 14.0 Fighting
 - Level 4.0 Short Blades
 + Level 18.3 Axes
 - Level 8.0 Crossbows
 - Level 2.0 Throwing
 - Level 7.2 Armour
 - Level 7.3 Dodging
 - Level 6.1 Stealth
 - Level 4.0 Shields


You had 12 spell levels left.
You didn't know any spells.

Dungeon Overview and Level Annotations

Branches:
Dungeon (13/15)            Temple (1/1) D:7            Lair (4/6) D:9
  Swamp (0/4) Lair:4       Spider (0/4) Lair:3          Orc (1/2) D:10
 Vaults: D:13-14

Altars:
Ashenzari
Cheibriados
Dithmenos
Elyvilon
Gozag
Hepliaklqana
Kikubaaqudgha
Makhleb
Nemelex Xobeh
Okawaru
Qazlal
Ru
Sif Muna
Trog
Uskayaw
Vehumet
Yredelemnul
Zin
The Shining One

Shops:
D:6 =

Annotations:
Orc:1 Maurice; Millea's ghost, journeyman HOFi


Innate Abilities, Weirdness & Mutations

You reflexively headbutt those who attack you in melee.
You have a pair of horns on your head.


Message History

Uskayaw prepares the audience for your solo!
The helpless tyrant leech fails to defend itself.
You slice the tyrant leech!! You headbutt the tyrant leech.
The tyrant leech is heavily wounded.
The helpless tyrant leech fails to defend itself.
You open the tyrant leech like a pillowcase!!!
You kill the tyrant leech!
The tyrant leech is no longer paralysed. x3
The tyrant leech bites you!
* * * LOW HITPOINT WARNING * * *
The tyrant leech draws strength from your injuries!
Uskayaw will force your foes to share their pain.
Uskayaw links your audience in an emotional bond!
You see here a tyrant leech corpse.
You miss the tyrant leech.
The tyrant leech is moderately wounded.
You completely miss the tyrant leech. You hit the tyrant leech.
The tyrant leech is no longer sharing its pain. x3
The tyrant leech completely misses you. The tyrant leech bites you!!
You die...

.... #####.........
#........ ###P##..........
#.......###..............#
.........#..............##
##.?...........>......#.#
..........<........P..###
..................#####
....<[............#
♣..#.w@......###
♣♣...ww......#
♣...#....####
§§≈....#..### §§≈♣...####
♣≈♣♣...# ♣♣ ..... ......
....)#


You could see 3 tyrant leeches.

Vanquished Creatures
  Rupert (Lair:3)
  Gastronok (Lair:2)
  A minotaur (Lab)
  4 hydras
  A catoblepas (D:10)
  A centaur warrior (D:13)
  Sonja (Lair:2)
  An unseen horror (D:10)
  2 wizards
  5 hill giants
  3 orc knights
  3 ugly things
  A cyclops (D:10)
  2 deep elf magi
  A manticore (D:12)
  10 elephants
  A black mamba (Lair:3)
  2 gargoyles (D:12)
  6 spiny frogs
  A rime drake (Lair:2)
  3 komodo dragons
  4 trolls
  2 tyrant leeches (Lair:4)
  2 two-headed ogres
  7 blink frogs
  4 slime creatures (D:13)
  4 hippogriffs
  2 dream sheep (D:9)
  2 wyverns
  3 wraiths
  3 hungry ghosts
  24 yaks
  16 humans (D:13)
  3 water moccasins
  10 porcupines
  11 orc warriors
  A sky beast (D:6)
  3 ice beasts
  5 black bears
  A necrophage (D:11)
  6 phantoms
  11 ogres
  12 centaurs
  2 crocodiles
  3 big kobolds
  8 bullfrogs
  4 scorpions
  14 wights
  2 howler monkeys
  2 bullfrog zombies
  4 centaur zombies
  10 crimson imps
  A quasit (D:4)
  6 hounds
  3 jellies
  7 orc priests
  3 bullfrog skeletons
  3 iguanas
  Terence (D:3)
  9 orc wizards
  11 worker ants
  A killer bee zombie (D:8)
  2 hound zombies
  A hound skeleton (D:11)
  A howler monkey zombie (D:6)
  5 gnolls
  12 adders
  A river rat (D:2)
  2 shadow imps
  5 oozes
  An adder skeleton (D:7)
  8 worms
  2 dart slugs (D:1)
  12 leopard geckos
  54 orcs
  4 ball pythons
  11 giant cockroaches
  8 goblins
  9 hobgoblins
  5 jackals (D:4)
  4 quokkas
  9 bats
  10 frilled lizards
  6 kobolds
  8 rats
  3 plants (D:9)
464 creatures vanquished.

Vanquished Creatures (others)
  A plant (D:9)
1 creature vanquished.

Grand Total: 465 creatures vanquished

Notes
Turn   | Place    | Note
-------+----------+-------------------------------------------
     0 | D:1      | borkbork the Minotaur Gladiator began the quest for the Orb.
     0 | D:1      | Reached XP level 1. HP: 18/18 MP: 0/0
    55 | D:1      | Reached skill level 4 in Axes
   186 | D:1      | Reached XP level 2. HP: 25/25 MP: 1/1
   902 | D:2      | Reached skill level 5 in Axes
   902 | D:2      | Reached XP level 3. HP: 23/30 MP: 2/2
  1526 | D:3      | Noticed Terence
  1539 | D:3      | Killed Terence
  1539 | D:3      | Reached XP level 4. HP: 29/38 MP: 3/3
  1634 | D:3      | Reached skill level 6 in Axes
  1634 | D:3      | Reached XP level 5. HP: 35/46 MP: 4/4
  2110 | D:4      | Reached skill level 5 in Fighting
  2129 | D:4      | Noticed an ogre
  2130 | D:4      | Reached XP level 6. HP: 44/56 MP: 5/5
  2187 | D:4      | Reached skill level 7 in Axes
  2264 | D:4      | Got a bloodstained rapier
  2265 | D:4      | Identified the +7 rapier of the Harvest {holy, Str+4} (You found it on level 4 of the Dungeon)
  2389 | D:4      | Reached skill level 1 in Short Blades
  2564 | D:4      | Reached XP level 7. HP: 63/63 MP: 6/6
  2585 | D:4      | Found a glowing drain.
  2604 | Sewer    | Entered a sewer
  3115 | D:5      | Entered Level 5 of the Dungeon
  3125 | D:5      | Reached skill level 1 in Stealth
  3938 | D:6      | Reached XP level 8. HP: 67/71 MP: 7/7
  4163 | D:6      | Reached skill level 5 in Stealth
  4687 | D:6      | Found a stormy altar of Qazlal.
  4785 | D:6      | Found Lymag's Jewellery Emporium.
  4793 | D:6      | Bought a +4 ring of evasion for 360 gold pieces
  5197 | D:6      | Reached skill level 8 in Axes
  5314 | D:7      | Reached XP level 9. HP: 72/80 MP: 8/8
  5375 | D:7      | Found a staircase to the Ecumenical Temple.
  5408 | Temple   | Entered the Ecumenical Temple
  5501 | Temple   | Became a worshipper of Uskayaw the Reveler
  5565 | D:7      | Reached * piety under Uskayaw
  5568 | D:7      | Reached ** piety under Uskayaw
  5697 | D:7      | Reached skill level 9 in Axes
  5840 | D:7      | Reached *** piety under Uskayaw
  5854 | D:7      | Found an iron altar of Okawaru.
  6510 | D:8      | Reached skill level 10 in Axes
  6671 | D:8      | Reached skill level 10 in Fighting
  6673 | D:8      | Reached **** piety under Uskayaw
  6996 | D:9      | Reached XP level 10. HP: 74/94 MP: 4/9
  7004 | D:9      | Reached ***** piety under Uskayaw
  7005 | D:9      | Reached skill level 11 in Axes
  7299 | D:9      | Reached skill level 1 in Armour
  7387 | D:9      | Reached skill level 5 in Dodging
  7442 | D:9      | Noticed a three-headed hydra
  7667 | D:9      | Found a staircase to the Lair.
  7781 | D:9      | Reached skill level 5 in Armour
  7911 | D:10     | Entered Level 10 of the Dungeon
  8082 | D:10     | Noticed a catoblepas
  8152 | D:10     | Found a staircase to the Orcish Mines.
  8766 | D:10     | Reached XP level 11. HP: 101/101 MP: 10/10
  8910 | D:10     | Killed a catoblepas
  9114 | D:11     | Noticed a wizard
  9120 | D:11     | Noticed a wizard
  9126 | D:11     | Killed a wizard
  9271 | D:11     | Identified Lehudib's Catalogue of Axaxaxas mlö
  9289 | D:11     | Noticed a wizard
  9300 | D:11     | Identified the Tome of Sand
  9308 | D:11     | Identified the Compendium of Dhcmrlchtdj
  9313 | D:11     | Noticed a hill giant
  9332 | D:11     | Reached skill level 1 in Shields
  9333 | D:11     | Killed a hill giant
  9453 | D:11     | Noticed a hill giant
  9466 | D:11     | Killed a hill giant
 10199 | D:11     | Gained mutation: Your muscles are strong. (Str +2) [potion of mutation]
 10199 | D:11     | Gained mutation: Armour fits poorly on your strangely shaped body. [potion of mutation]
 10199 | D:11     | Lost mutation: Your muscles are strong. (Str +2) [potion of mutation]
 10200 | D:11     | Lost mutation: Armour fits poorly on your strangely shaped body. [potion of cure mutation]
 10217 | D:11     | Reached skill level 5 in Crossbows
 10238 | D:11     | Reached ****** piety under Uskayaw
 10246 | D:11     | Reached skill level 12 in Axes
 10299 | D:11     | Noticed a cyan ugly thing
 10681 | D:11     | Noticed a white ugly thing
 10834 | D:10     | Killed an unseen horror
 10928 | Orc:1    | Entered Level 1 of the Orcish Mines
 10928 | Orc:1    | Noticed an orc knight
 10928 | Orc:1    | Noticed Millea's ghost (journeyman HOFi)
 11041 | Lair:1   | Entered Level 1 of the Lair of Beasts
 11093 | Lair:1   | Noticed a six-headed hydra
 11306 | Lair:2   | Noticed Sonja
 11729 | Lair:2   | Reached skill level 13 in Axes
 11734 | Lair:2   | Reached XP level 12. HP: 93/112 MP: 11/11
 11858 | Lair:2   | Noticed a five-headed hydra
 12199 | Lair:3   | Found a hole to the Spider Nest.
 12667 | Lair:3   | Noticed Rupert
 12708 | Lair:3   | Killed Rupert
 13151 | Lair:3   | Reached skill level 14 in Axes
 13980 | D:11     | Reached skill level 15 in Axes
 14160 | D:12     | Noticed a four-headed hydra
 14321 | D:12     | Found a labyrinth entrance.
 14337 | Lab      | Entered a labyrinth
 15804 | Lab      | Noticed a minotaur
 15808 | Lab      | Killed a minotaur
 15809 | Lab      | Identified the Incunabulum of Aerial Flames
 15877 | D:12     | Reached XP level 13. HP: 90/118 MP: 12/12
 15917 | D:12     | Reached skill level 16 in Axes
 16792 | D:13     | Reached skill level 17 in Axes
 17749 | Orc:1    | Noticed Maurice
 17750 | Orc:1    | Noticed Millea's ghost (journeyman HOFi)
 18632 | Lair:1   | Found a white marble altar of Elyvilon.
 19212 | Lair:2   | Noticed Gastronok
 19226 | Lair:2   | Killed Gastronok
 19226 | Lair:2   | Reached skill level 18 in Axes
 19310 | Lair:2   | Killed Sonja
 19827 | Lair:4   | Found a staircase to the Swamp.
 19843 | Lair:4   | Mangled by a tyrant leech

Skill      XL: |  1  2  3  4  5  6  7  8  9 10 11 12 13 |
---------------+----------------------------------------+-----
Axes           | 4 5 6 7 8 10 11 13 15 18 | 18.3
Fighting       | 3 4 5 6 7 10 12 14 | 14.0
Short Blades   | 2 4 |  4.0
Stealth        | 3 6 |  6.1
Armour         | 6 7 |  7.2
Dodging        | 7 |  7.3
Crossbows      | 5 8 |  8.0
Shields        | 4 |  4.0
Throwing       | |  2.0

Action                   |  1- 3 |  4- 6 |  7- 9 | 10-12 | 13-15 || total
-------------------------+-------+-------+-------+-------+-------++-------
Melee: War axe           |    84 |    54 |   155 |   331 |       ||   624
       Headbutt          |     9 |    14 |    53 |   111 |    65 ||   252
       Rapier            |       |    20 |   114 |     2 |       ||   136
       Executioner's axe |       |       |       |    95 |   231 ||   326
 Fire: Hand crossbow     |       |       |       |    12 |     5 ||    17
Throw: Throwing net      |       |     5 |     2 |       |       ||     7
       Stone             |       |       |     1 |       |       ||     1
Invok: Line Pass         |       |       |     1 |     8 |     2 ||    11
       Stomp             |       |       |       |     3 |       ||     3
Evoke: Wand              |     2 |       |       |     8 |     4 ||    14
  Use: Potion            |       |     5 |     2 |    13 |     9 ||    29
       Scroll            |       |     5 |    11 |    25 |     4 ||    45
 Stab: Held in net/web   |       |     1 |       |       |       ||     1
       Sleeping          |       |       |     9 |     7 |     5 ||    21
       Paralysed         |       |       |     2 |    18 |    21 ||    41
       Confused          |       |       |     1 |       |       ||     1
       Petrifying        |       |       |       |     1 |       ||     1
       Invisible         |       |       |       |     2 |       ||     2
       Distracted        |       |       |       |     1 |     1 ||     2
  Eat: Chunk             |     2 |     3 |     8 |     7 |     1 ||    21
       Bread ration      |       |       |     2 |     2 |       ||     4
       Meat ration       |       |       |       |     3 |     1 ||     4
       Pizza             |       |       |       |     5 |       ||     5
Armor: Leather armour    |     7 |       |    20 |       |       ||    27
       Ring mail         |    19 |    20 |    27 |       |       ||    66
       Mottled dragon sc |       |       |    21 |   111 |    80 ||   212
Dodge: Dodged            |    70 |    60 |   195 |   356 |   263 ||   944
Block: Buckler           |       |       |       |    39 |       ||    39
